Map: Dusk Towers

Players

PlsNerfToss - Winner!

  • Race: Terran Terran
  • League: Master

ProtossImba

  • Race: Protoss Protoss
  • League: Master

VOD

Have the link to the VOD?

Description

Time

  • Played on: March 24, 2016, 1:26 p.m.
  • Length: 23:54
Show
View Real Time Build Order
Export as new Build Order

PlsNerfToss Terran - Winner!

Build Orders: Reaper Expand 

Get SALT Encoding   

  12  0:00  SCV  
  13  0:13  SCV  
  14  0:17  Supply Depot  
  14  0:25  SCV  
  15  0:39  SCV  
  15  0:41  Barracks  
  16  0:46  Refinery  
  16  0:51  SCV  
  17  1:03  SCV  
  18  1:15  SCV  
  19  1:30  Orbital Command  
  19  1:32  Reaper  
  20  1:41  Command Center  
  20  1:53  Supply Depot  
  20  1:56  SCV  
  21  2:01  Refinery  
  21  2:04  Marine  
  21  2:08  SCV  
  23  2:20  SCV  
  23  2:21  Factory  
  24  2:29  Barracks Reactor  
  24  2:32  SCV  
  25  2:44  SCV  
  26  2:52  Orbital Command  
  26  2:57  SCV  
  27  3:06  Starport, Widow Mine, Marine  
  27  3:07  Marine  
  27  3:09  SCV  
  27  3:12  Supply Depot  
  32  3:21  SCV  
  32  3:24  Marine x2  
  35  3:28  SCV  
  35  3:33  SCV  
  37  3:35  Widow Mine  
  37  3:36  Barracks  
  37  3:40  SCV  
  40  3:42  Medivac  
  40  3:45  SCV  
  40  3:47  Supply Depot  
  43  3:50  Marine x2  
  43  3:52  SCV  
  46  3:57  Barracks  
  46  3:58  SCV  
  46  4:01  Liberator  
  47  4:06  Factory Reactor  
  47  4:07  SCV, Marine  
  47  4:08  Marine  
  50  4:10  SCV  
  50  4:12  Refinery  
  50  4:19  SCV  
  50  4:22  SCV  
  55  4:24  Engineering Bay  
  55  4:26  Supply Depot  
  55  4:31  SCV, Barracks Tech Lab  
  55  4:34  SCV  
  57  4:43  SCV  
  57  4:45  Barracks Tech Lab  
  52  4:46  SCV  
  52  4:51  Marine x3  
  55  4:54  Missile Turret  
  55  4:56  SCV  
  55  4:58  SCV  
  50  5:08  SCV  
  50  5:10  SCV  
  52  5:17  Marine x2  
  52  5:18  Combat Shields, Marauder x2  
  58  5:22  SCV x2  
  60  5:34  SCV x2  
  60  5:35  Marine x2  
  62  5:36  Widow Mine  
  62  5:39  Marauder, Marine  
  69  5:43  Starport Reactor  
  69  5:46  SCV  
  70  5:50  Supply Depot  
  70  5:52  Supply Depot  
  70  5:53  Terran Infantry Weapons Level 1  
  70  6:07  Supply Depot  
  70  6:11  Marine x4  
  70  6:12  SCV x2  
  76  6:21  Medivac x2  
  80  6:28  Widow Mine x2  
  80  6:29  SCV x2, Marine x2  
  80  6:30  Marauder  
  87  6:35  Command Center  
  87  6:36  Marine  
  88  6:41  Supply Depot, SCV  
  89  6:47  Liberator  
  89  6:48  Liberator  
  87  7:05  SCV  
  87  7:06  SCV  
  95  7:15  Engineering Bay  
  95  7:17  Armory  
  95  7:18  SCV  
  95  7:21  Barracks  
  96  7:25  SCV  
  96  7:26  Barracks  
  96  7:29  Refinery  
  83  7:45  Concussive Shells, Stimpack  
  83  7:46  Marine x3  
  83  7:47  Marauder  
  69  7:59  Liberator  
  69  8:01  Missile Turret  
  69  8:03  Liberator  
  69  8:04  Marauder, Marine x2  
  69  8:07  Widow Mine x2, Missile Turret  
  69  8:08  Marauder, Missile Turret  
  69  8:09  Orbital Command, Barracks Tech Lab  
  75  8:13  Barracks Reactor  
  79  8:30  Marauder  
  79  8:31  Marauder  
  79  8:32  Terran Infantry Weapons Level 2  
  84  8:41  Marauder  
  84  8:42  Marine x2  
  86  8:52  Marine x2  
  86  8:53  Marauder x2  
  92  8:59  Medivac  
  93  9:03  Medivac  
  93  9:05  Missile Turret  
  93  9:09  Marine x2, Missile Turret  
  97  9:10  Orbital Command  
  97  9:12  Marauder, Marine x2  
  102  9:24  SCV x2  
  102  9:28  Marine x2  
  102  9:30  Liberator  
  103  9:31  Liberator  
  103  9:37  SCV x3  
  106  9:41  Terran Infantry Armor Level 1  
  106  9:45  Missile Turret  
  106  9:47  Missile Turret  
  106  9:49  SCV x2  
  106  9:50  SCV  
  115  10:01  SCV x2  
  115  10:02  Supply Depot, SCV  
  115  10:05  Supply Depot, Marine x3  
  115  10:06  Marine  
  115  10:07  Supply Depot, Widow Mine  
  122  10:13  Refinery  
  122  10:14  SCV  
  125  10:16  Refinery  
  125  10:19  Missile Turret  
  125  10:23  Widow Mine  
  125  10:24  SCV x2  
  125  10:26  SCV  
  130  10:34  Starport  
  130  10:35  Fusion Core, Widow Mine, Marine x3  
  130  10:36  SCV x2, Marine  
  130  10:38  SCV  
  139  10:46  Supply Depot x2  
  139  10:47  Marauder x3  
  139  10:48  Medivac, SCV  
  148  10:53  Medivac, Widow Mine  
  148  10:55  Terran Infantry Weapons Level 3  
  152  11:10  Supply Depot  
  152  11:11  Starport Tech Lab, Supply Depot  
  152  11:18  Medivac, Marauder x2, Marine x3  
  159  11:19  Marine  
  159  11:23  Medivac  
  159  11:25  Command Center  
  164  11:29  Barracks x2  
  164  11:35  Liberator  
  161  11:41  Marine x2  
  161  11:42  Marine x2  
  161  11:43  Marauder x2  
  161  11:44  Marauder  
  169  11:48  Medivac, Liberator  
  169  11:50  Cloaking Field  
  173  12:01  Liberator  
  176  12:11  Terran Infantry Armor Level 2  
  179  12:25  Liberator  
  179  12:28  Marauder  
  179  12:29  Marauder x2, Marine x5  
  151  12:31  Liberator  
  119  12:44  Liberator  
  119  12:50  Marauder x3  
  128  12:59  Marine  
  128  13:00  Marine x3  
  128  13:02  Barracks Reactor, Barracks Tech Lab  
  135  13:05  Widow Mine  
  135  13:06  Widow Mine  
  135  13:08  Liberator, Planetary Fortress  
  135  13:11  Marauder x2  
  135  13:12  Marauder  
  143  13:14  Liberator, Missile Turret  
  143  13:15  Missile Turret  
  143  13:22  SCV x2  
  143  13:24  SCV  
  143  13:26  Marine x2  
  147  13:27  Liberator  
  147  13:28  Marine x2  
  147  13:34  SCV  
  153  13:43  Command Center  
  153  13:45  Marine x2  
  153  13:46  Marine x2  
  153  13:47  Marauder  
  162  13:51  Liberator  
  160  13:57  Liberator  
  136  14:09  Marauder  
  133  14:10  Marauder, Liberator  
  135  14:17  Command Center  
  138  14:34  Liberator  
  138  14:40  Marine  
  138  14:41  Marine x4  
  138  14:42  Marine  
  138  14:43  Marauder x2  
  148  14:45  Orbital Command  
  145  15:08  Marauder x2, Marine  
  145  15:09  Marauder x2, Marine  
  152  15:31  Liberator x2  
  152  15:32  Planetary Fortress  
  152  15:36  SCV  
  149  15:48  SCV  
  156  15:52  Widow Mine x2  
  156  15:56  Terran Infantry Armor Level 3  
  160  16:00  SCV  
  159  16:12  Liberator  
  159  16:21  Widow Mine x2  
  159  16:22  Missile Turret  
  163  16:26  Marine x2, Missile Turret x2  
  163  16:27  Marine x4  
  163  16:28  Marauder x3  
  163  16:29  Marauder  
  180  16:42  Missile Turret  
  180  16:46  Liberator x2  
  180  16:50  Marine x5  
  180  16:51  Marine x2, Missile Turret x2  
  180  16:52  Marauder  
  180  16:53  Marauder x2  
  193  16:55  Widow Mine x2  
  197  17:04  Missile Turret  
  197  17:14  Missile Turret  
  181  17:27  Marauder  
  181  17:28  Marauder x3, Marine x3  
  185  17:30  Liberator x2  
  182  17:43  SCV  
  173  17:48  Refinery  
  173  17:49  Marauder x2, Refinery  
  183  17:54  Medivac  
  183  17:55  SCV  
  183  17:58  Marauder  
  188  18:07  SCV  
  189  18:19  SCV  
  190  18:22  SCV  
  190  18:23  SCV  
  190  18:24  Medivac  
  194  18:30  Medivac x2  
  194  18:31  SCV  
  191  19:08  SCV  
  192  19:11  Refinery  
  192  19:13  Refinery  
  192  19:18  Terran Ship Weapons Level 1  
  192  19:19  Planetary Fortress  
  192  19:20  SCV  
  192  19:23  Orbital Command, Refinery  
  193  19:26  Refinery  
  193  19:33  SCV  
  194  19:45  SCV  
  195  19:57  SCV  
  195  19:59  Barracks x2  
  196  20:00  Barracks  
  196  20:01  Barracks x2  
  196  20:05  Marine x2  
  196  20:06  Marine x4  
  199  20:07  Starport  
  199  20:09  Starport  
  191  20:28  Marauder x3, Marine  
  156  20:30  Marauder, Marine x3  
  156  20:34  Liberator x2  
  134  20:42  Marine x2  
  122  20:48  Marine x2  
  122  20:49  Marauder  
  125  20:50  Marauder x2  
  125  20:51  Marauder  
  119  21:05  Marine x2  
  119  21:07  Barracks Tech Lab  
  119  21:08  Barracks Reactor x4  
  119  21:09  Marine x4  
  119  21:11  Marauder x3  
  125  21:12  Starport Reactor  
  125  21:13  Marauder, Starport Reactor  
  125  21:17  Liberator x2  
  122  21:26  Marauder, Marine x3  
  122  21:27  Marine  
  122  21:32  Marauder x3  
  140  21:53  Marauder x3, Marine x6  
  140  21:54  Marauder, Marine  
  155  21:59  Liberator  
  155  22:00  Liberator  
  155  22:04  Orbital Command  
  128  22:20  Marauder x5, Marine x5  
  128  22:21  Marine x6  
  128  22:22  Marine  
  142  22:36  Marine  
  142  22:37  Marine  
  143  22:39  SCV  
  143  22:41  Marauder, Marine x4  
  143  22:42  Marine  
  152  22:44  Marine  
  152  22:45  Marine  
  152  22:46  Marine  
  155  22:51  SCV  
  155  22:53  Marauder  
  155  22:55  Marauder  
  160  22:59  SCV  
  160  23:02  SCV  
  160  23:03  SCV  
  163  23:10  Marine x2  
  163  23:11  SCV, Marine x5  
  173  23:13  Marauder  
  173  23:14  SCV  
  173  23:15  SCV  
  175  23:20  Marine x4  
  175  23:21  Marine  
  175  23:23  SCV  
  175  23:26  SCV  
  188  23:38  SCV  
Show
View Real Time Build Order
Export as new Build Order

ProtossImba Protoss 

Build Orders: 1 Gate Expand, Oracle Opening 

Get SALT Encoding   

  12  0:01  Probe (Chrono Boost)  
  13  0:11  Probe (Chrono Boost)  
  14  0:18  Pylon  
  14  0:22  Probe (Chrono Boost)  
  15  0:37  Probe (Chrono Boost)  
  15  0:38  Gateway  
  16  0:45  Assimilator  
  16  0:47  Probe (Chrono Boost)  
  17  0:59  Probe (Chrono Boost)  
  18  1:19  Nexus  
  18  1:27  Cybernetics Core  
  18  1:30  Probe (Chrono Boost)  
  19  1:36  Assimilator  
  19  1:40  Probe (Chrono Boost)  
  20  1:48  Pylon  
  20  1:51  Probe (Chrono Boost)  
  21  2:01  Probe (Chrono Boost)  
  21  2:04  Warp Gate  
  22  2:12  Mothership Core (Chrono Boost)  
  22  2:13  Adept  
  26  2:32  Probe (Chrono Boost)  
  26  2:41  Probe (Chrono Boost)  
  28  2:44  Probe (Chrono Boost)  
  28  2:53  Stargate  
  28  2:57  Probe (Chrono Boost), Gateway x2  
  29  3:01  Probe (Chrono Boost)  
  30  3:07  Probe (Chrono Boost)  
  30  3:12  Probe (Chrono Boost)  
  32  3:15  Adept  
  32  3:18  Probe (Chrono Boost)  
  35  3:23  Probe (Chrono Boost)  
  36  3:28  Probe (Chrono Boost)  
  36  3:33  Probe (Chrono Boost)  
  38  3:34  Pylon  
  38  3:37  Oracle  
  38  3:39  Probe (Chrono Boost)  
  42  3:45  Twilight Council  
  42  3:47  Probe (Chrono Boost)  
  43  3:50  Probe (Chrono Boost)  
  44  3:55  Assimilator  
  44  3:58  Probe (Chrono Boost)  
  44  4:00  Probe (Chrono Boost)  
  46  4:08  Resonating Glaives, Probe (Chrono Boost)  
  47  4:11  Probe (Chrono Boost)  
  47  4:16  Phoenix (Chrono Boost), Assimilator  
  50  4:18  Probe (Chrono Boost)  
  50  4:21  Probe (Chrono Boost)  
  52  4:30  Probe  
  53  4:32  Pylon  
  53  4:33  Probe  
  53  4:34  Pylon  
  54  4:50  Probe x2  
  54  4:51  Phoenix (Chrono Boost)  
  58  5:02  Probe x2  
  57  5:12  Adept x2  
  57  5:13  Phoenix (Chrono Boost), Adept  
  55  5:14  Probe  
  55  5:17  Probe  
  55  5:20  Nexus  
  57  5:26  Probe  
  57  5:28  Forge  
  58  5:31  Probe  
  58  5:32  Pylon  
  59  5:40  Probe  
  59  5:41  Oracle (Chrono Boost)  
  63  5:46  Probe  
  64  5:56  Adept  
  66  5:57  Adept  
  66  5:59  Pylon  
  66  6:03  Probe x2  
  68  6:22  Phoenix (Chrono Boost)  
  68  6:25  Adept x3  
  67  6:30  Probe  
  67  6:31  Protoss Ground Weapons Level 1  
  68  6:34  Probe x2  
  69  6:43  Probe  
  69  6:45  Probe  
  69  6:46  Probe  
  72  6:55  Probe x2  
  72  7:01  Adept x3  
  76  7:06  Probe  
  76  7:07  Gateway  
  79  7:10  Gateway  
  79  7:18  Probe  
  79  7:19  Probe  
  81  7:26  Probe  
  82  7:30  Probe  
  82  7:31  Probe  
  84  7:42  Adept x3  
  83  7:50  Probe x2  
  77  7:53  Phoenix (Chrono Boost)  
  73  7:59  Probe  
  73  8:01  Robotics Facility  
  73  8:03  Probe, Gateway  
  73  8:04  Probe  
  73  8:05  Gateway  
  74  8:09  Photon Cannon  
  74  8:11  Photon Cannon  
  74  8:12  Probe, Photon Cannon  
  73  8:16  Probe  
  75  8:24  Probe  
  75  8:26  Probe  
  75  8:27  Phoenix (Chrono Boost)  
  75  8:31  Adept x3  
  75  8:34  Templar Archives  
  81  8:35  Probe  
  81  8:36  Probe  
  81  8:41  Probe  
  84  8:50  Phoenix (Chrono Boost)  
  86  9:06  Adept x5  
  96  9:10  Probe  
  96  9:11  Probe  
  96  9:12  Phoenix (Chrono Boost)  
  96  9:13  Assimilator, Psionic Storm  
  96  9:15  Assimilator  
  101  9:17  Observer  
  101  9:34  Probe x2  
  101  9:40  Protoss Ground Weapons Level 2 (Chrono Boost)  
  101  9:51  Forge, Pylon  
  101  9:54  Pylon  
  101  9:57  Pylon  
  101  10:02  Nexus  
  101  10:07  Probe  
  101  10:08  Phoenix (Chrono Boost)  
  101  10:09  Observer  
  101  10:11  Robotics Facility  
  105  10:24  Protoss Ground Armor Level 1 (Chrono Boost)  
  105  10:27  Phoenix  
  105  10:28  High Templar  
  105  10:29  High Templar x2  
  105  10:30  Immortal, Zealot x4  
  125  10:44  Pylon  
  125  10:45  Pylon  
  124  10:53  Nexus  
  124  10:55  Pylon  
  124  10:57  Pylon  
  124  11:02  Immortal  
  128  11:05  Pylon  
  128  11:07  High Templar x2  
  128  11:08  Adept x4, Pylon  
  140  11:16  Immortal  
  144  11:28  Adept x4  
  144  11:29  Adept  
  150  11:43  Adept x2  
  150  11:45  Observer  
  154  11:49  Adept x5  
  162  12:12  Gateway  
  162  12:13  Gateway  
  162  12:15  Gateway  
  121  12:31  Adept x5  
  121  12:32  Adept x2  
  121  12:35  Immortal x2  
  115  12:52  Protoss Ground Weapons Level 3 (Chrono Boost)  
  115  12:56  Adept  
  115  12:57  Adept  
  117  13:04  High Templar x4  
  117  13:05  High Templar  
  127  13:13  Zealot x2  
  127  13:14  Zealot  
  131  13:27  Adept x2  
  131  13:30  Assimilator  
  131  13:32  Assimilator  
  131  13:33  Gateway  
  135  13:37  Gateway  
  135  13:39  Gateway  
  135  13:40  Gateway  
  135  13:43  Pylon  
  135  13:46  High Templar x4  
  143  13:55  Nexus  
  143  13:58  Pylon  
  121  14:11  Adept x3  
  121  14:12  Adept x3  
  133  14:17  Immortal x2  
  133  14:33  Charge  
  133  14:36  Zealot  
  133  14:37  Zealot x5  
  145  14:38  Phoenix  
  147  14:53  Stalker x4  
  151  15:02  High Templar, Zealot x2  
  151  15:03  Phoenix  
  157  15:08  Protoss Ground Armor Level 2 (Chrono Boost)  
  157  15:26  Phoenix  
  157  15:31  Zealot x7  
  157  15:32  Zealot  
  175  15:39  Pylon x2  
  175  15:41  Observer x2  
  177  15:48  Phoenix  
  179  16:13  Phoenix  
  181  16:21  Fleet Beacon  
  181  16:23  Stargate  
  180  16:56  Immortal x2  
  188  17:08  Adept x6  
  142  17:34  Adept x7  
  142  17:35  Adept x2  
  142  17:36  Adept x3  
  154  17:47  Tempest  
  154  17:53  Tempest  
  168  17:58  Immortal x2  
  168  18:00  High Templar x2, Protoss Ground Armor Level 3 (Chrono Boost)  
  172  18:26  High Templar x2  
  176  18:27  Zealot x4  
  176  18:32  Assimilator  
  179  18:44  Tempest  
  179  18:47  Assimilator  
  177  18:50  Tempest  
  185  18:58  Adept x4  
  185  18:59  Adept x2  
  197  19:20  Nexus  
  197  19:22  Pylon  
  197  19:50  Dark Shrine  
  197  19:52  Gateway x2  
  197  19:57  Gateway  
  197  19:58  Gateway  
  197  20:00  Pylon  
  197  20:02  Pylon  
  189  20:22  Tempest  
  189  20:26  Adept x5  
  189  20:27  Adept x5  
  189  20:28  Tempest  
  155  20:40  Adept x2  
  133  21:00  Tempest  
  133  21:02  Adept  
  133  21:03  Adept x7  
  125  21:18  Tempest  
  129  21:28  High Templar  
  129  21:29  High Templar x5  
  141  21:45  Adept x4  
  149  21:57  Tempest  
  143  22:16  Zealot x5  
  133  22:30  High Templar x2  
  137  22:43  Nexus  
  137  22:46  High Templar x2  
  137  22:47  High Templar  
  143  23:08  Zealot x4  
  150  23:22  High Templar x3  
  156  23:36  Zealot x5  
  156  23:37  Zealot  
Tags
 
Add a new tag
Caveats
  • Supply blocks, unpowered buildings, or Contaminate may cause inaccurate times.
  • Supply counts are checked every 10 seconds.